 BcadrenCrawl: Boulder Brew version 0.04.2-19-ga012a504bd (webtiles) character file.

Game seed: 10361216151032718794, levelgen mode: deterministic

1493 diana the Ducker (level 9, 0/82 HPs) Kobold Hunter. Began on May 19, 2021. Slain by a wolf spider zombie (17 damage) ... on level 4 of the Dungeon. The game lasted 00:06:55 (2941 turns).

diana the Ducker (Kobold Hunter)                    Turns: 2941, Time: 00:06:55

Health: 0/82       AC:  4    Str: 14    XL:     9 ^: 1775
Magic:  9/9        EV: 17    Int: 13    God:
Gold:   138        SH:  0    Dex: 18    Spells: 8/8 levels left

rFire    . . .     Vision   .   b - +0 short sword
rCold    . . .     Gourm    .   f - lantern of shadows
rNeg     . . .     Faith    .   l - +0 troll leather {Purgy}
rPois    .         Spirit   .   (no helmet)
rElec    .         Reflect  .   (no cloak)
rCorr    .         Harm     .   (no gloves)
MR       .....                  (no boots)
Stlth    ..........             (no amulet)
HPRegen  0.77/turn              e - ring of wizardry
MPRegen  0.19/turn              (no ring)

@: berserking, studying Spellcasting, very quick
A: small, carnivore
a: no special abilities


You were on level 4 of the Dungeon.
You were not hungry.

You visited 1 branch of the dungeon, and saw 4 of its levels.

You collected 138 gold pieces.

Inventory:

Weapons
 a - a +1 hand crossbow
 b - a +0 short sword (weapon)
 m - a +1 dagger of venom
Armour
 l - a +0 troll leather (worn) {Purgy}
Jewellery
 c - an uncursed ring of positive energy
 e - a ring of wizardry (left hand)
 h - a cursed amulet of regeneration {(Curse: *Drain)}
 k - a cursed ring of fire {(Curse: Slay-2)}
 n - an uncursed ring of stealth
 r - an uncursed ring of wizardry
 s - an uncursed ring of stealth
Wands
 p - a wand of ensnaring (2)
 t - a wand of polymorph (2)
 x - a wand of flame (20)
Scrolls
 j - 2 scrolls of teleportation
 u - a scroll of amnesia
 v - 2 scrolls of bless item
Potions
 g - 2 potions of heal wounds
 i - a potion of cancellation
 o - 3 potions of curing
 q - 2 potions of agility
 z - a potion of ambrosia
Miscellaneous
 f - a lantern of shadows (shield)
Comestibles
 d - 19 rations


   Skills:
 + Level 6.1 Fighting
 + Level 6.1 Short Blades
 - Level 5.0 Crossbows
 + Level 4.2 Armour
 + Level 6.7 Dodging
 - Level 1.3 Stealth


You had 8 spell levels left.
You didn't know any spells.
Your spell library was empty.

Dungeon Overview and Level Annotations

Branches:
Dungeon (4/8)
 Temple: D:4

Altars:
Makhleb
Vehumet
Wu Jian


Innate Abilities, Weirdness & Mutations

You are small and have problems with some larger weapons.
You are carnivorous and can eat meat at any time.


Message History

You hit the wolf spider zombie but do no damage.
The wolf spider zombie is heavily damaged. (36/81) HP The wolf spider zombie hits you (9)!
The wolf spider zombie bites you but does no damage.
The wolf spider zombie hits you (8)! The wolf spider zombie bites you (2).
Your shadow hits the wolf spider zombie (0).
You hit the wolf spider zombie but do no damage.
The wolf spider zombie is heavily damaged. (36/81) HP Your shadow disappears in a puff of smoke!
The wolf spider zombie misses you (0).
The wolf spider zombie bites you but does no damage.
You hit the wolf spider zombie but do no damage.
The wolf spider zombie is heavily damaged. (36/81) HP The wolf spider zombie hits you (8)!
* * * LOW HITPOINT WARNING * * *
The wolf spider zombie barely misses you (0).
A red film seems to cover your vision as you go berserk!
You feel yourself moving faster!
You feel mighty! The wolf spider zombie hits you (17)!
You die...

#..ยง.......
#...###...#
#...#######
#.......
#.......
#.......
#....##.
#.Z..#
#.@..#
#.$..+
#....#
#....#
#....#
#....#


You could see a wolf spider zombie.

Vanquished Creatures
  A water moccasin (D:2)
  A scorpion (D:3)
  A big kobold (D:2)
  A bullfrog (D:2)
  A crimson imp (D:3)
  An orc priest (D:3)
  A hound (D:4)
  3 jellies
  A gnoll shaman (D:3)
  A water moccasin zombie (D:3)
  A giant cockroach (D:3)
  3 adders
  7 gnolls (D:3)
  4 sewer rats (D:2)
  3 cinder newts
  3 worms
  2 oozes
  A dart slug (D:1)
  3 leopard geckos
  2 adder skeletons
  3 goblins (D:1)
  A hobgoblin (D:1)
  A jackal (D:3)
  5 ball pythons
  3 bats
  6 kobolds
  An orc skeleton (D:2)
  A quokka skeleton (D:3)
  8 rats
70 creatures vanquished.

Vanquished Creatures (collateral kills)
  Purgy (D:2)
  2 ogres (D:3)
  A crocodile (D:2)
  3 big kobolds
  A bullfrog (D:2)
  2 hounds (D:3)
  An orc priest (D:3)
  7 jellies (D:2)
  4 orc wizards (D:3)
  2 worker ants (D:3)
  An iguana (D:3)
  5 giant cockroaches
  A bullfrog skeleton (D:3)
  6 adders
  A gnoll (D:3)
  19 sewer rats (D:2)
  A worm (D:2)
  6 cinder newts
  2 oozes (D:2)
  A dart slug (D:1)
  2 leopard geckos (D:2)
  3 orcs (D:3)
  3 bats
  A hobgoblin (D:1)
  3 jackals (D:3)
  10 kobolds
  A bat skeleton (D:2)
  A hobgoblin skeleton (D:2)
  An orc skeleton (D:2)
  2 rats (D:1)
  A butterfly (D:4)
  2 withered plants (D:2)
97 creatures vanquished.

Vanquished Creatures (others)
  A crocodile (D:2)
  4 kobolds (D:2)
  A bat (D:2)
  A slimehead (D:2)
  141 withered plants (D:2)
148 creatures vanquished.

Grand Total: 315 creatures vanquished

Notes
Turn   | Place    | Note
-------+----------+-------------------------------------------
     0 | D:1      | diana the Kobold Hunter began the quest for the Orb.
     0 | D:1      | Reached XP level 1. HP: 12/12 MP: 1/1
    23 | D:1      | Reached skill level 5 in Crossbows
    42 | D:1      | Reached XP level 2. HP: 18/18 MP: 2/2
   320 | D:1      | Reached XP level 3. HP: 22/22 MP: 3/3
   417 | D:1      | Reached skill level 1 in Short Blades
   423 | D:1      | Reached skill level 1 in Armour
   498 | D:1      | Reached XP level 4. HP: 27/27 MP: 4/4
   753 | D:2      | Noticed a bullfrog
   755 | D:2      | Killed a bullfrog
   755 | D:2      | Reached XP level 5. HP: 19/32 MP: 5/5
   787 | D:2      | Noticed Purgy
   791 | D:2      | Killed Purgy
   791 | D:2      | Reached XP level 6. HP: 26/38 MP: 6/6
  1027 | D:2      | Reached XP level 7. HP: 34/43 MP: 7/7
  1216 | D:2      | Reached skill level 5 in Dodging
  1793 | D:2      | Reached XP level 8. HP: 35/48 MP: 8/8
  1799 | D:2      | Reached skill level 5 in Fighting
  2001 | D:2      | Found a radiant altar of Vehumet.
  2180 | D:3      | Reached skill level 5 in Short Blades
  2222 | D:3      | Found a burning altar of Makhleb.
  2750 | D:3      | Reached XP level 9. HP: 54/55 MP: 9/9
  2904 | D:4      | Found an ornate altar of the Wu Jian Council.
  2941 | D:4      | Slain by a wolf spider zombie

Levels and vault maps discovered:
D:1:      ncdulo_lavacross, layout_basic
D:2:      layout_sewer, marbit_many_paths, uniq_purgy
D:3:      layout_rooms, lemuel_crystal_altar, first_ration, blue_anna_alchemist
          [blue_anna_fruit_fields, blue_anna_fruit_fields]
D:4:      layout_gridville, overflow_temple_1_default, temple_hall

Skill      XL: |  1  2  3  4  5  6  7  8 |
---------------+-------------------------+-----
Crossbows      | 5 |  5.0
Short Blades   | 1 2 3 4 6 |  6.1
Dodging        | 3 4 5 6 |  6.7
Armour         | 1 2 3 4 |  4.2
Fighting       | 3 4 6 |  6.1
Stealth        | |  1.3

Action                   |  1- 3 |  4- 6 |  7- 9 || total
-------------------------+-------+-------+-------++-------
Melee: Short sword       |    35 |    64 |   153 ||   252
       Unarmed           |     3 |       |    32 ||    35
 Fire: Hand crossbow     |     3 |       |       ||     3
  Use: Potion            |       |       |     1 ||     1
 Stab: Distracted        |       |     3 |     4 ||     7
  Eat: Chunk             |       |       |     8 ||     8
Armor: Leather armour    |    14 |     5 |       ||    19
       Troll leather     |       |    10 |    20 ||    30
Dodge: Dodged            |    46 |    63 |   191 ||   300
